 Dungeon Crawl Stone Soup version 0.29-a0-330-g52719c12eb (webtiles) character file.

Game seed: 5734628972943508420

9 Ajdolov the Sneak (level 2, -6/29 HPs)
             Began as a Troll Delver on Apr 15, 2022.
             Mangled by an orc warrior
             ... wielding a +0 scimitar
              (15 damage)
             ... on level 4 of the Dungeon.
             The game lasted 00:00:20 (124 turns).

Ajdolov the Sneak (Troll Delver)                     Turns: 124, Time: 00:00:21

Health: -6/29      AC:  4    Str: 19    XL:     2   Next: 3%
Magic:  1/1        EV:  9    Int:  6    God:
Gold:   11         SH:  0    Dex: 11    Spells: 1/1 levels left

rFire   . . .      SeeInvis .     - Unarmed
rCold   . . .      Faith    .   (no shield)
rNeg    . . .      Spirit   .   a - +0 robe
rPois   .          Reflect  .   (helmet restricted)
rElec   .          Harm     .   (no cloak)
rCorr   .          Rampage  .   (gloves unavailable)
Will    .....                   (boots unavailable)
Stlth   ++........              (no amulet)
HPRegen 0.89/turn               (no ring)
MPRegen 0.07/turn               (no ring)

@: no status effects
A: large, unfitting armour, claws 3, regeneration 1, shaggy fur 1, tough skin 1
a: no special abilities


You were on level 4 of the Dungeon.
You visited 1 branch of the dungeon, and saw 2 of its levels.

You collected 11 gold pieces.

Inventory:

Armour
 a - a +0 robe (worn)
Wands
 f - a wand of digging (3)
Scrolls
 b - a scroll of fog
 c - a scroll of magic mapping
 d - a scroll of fear
Potions
 e - a potion of haste


   Skills:
 + Level 2.6 Fighting
 - Level 1.5 Dodging
 - Level 2.7 Stealth
 * Level 2.5 Unarmed Combat


You had one spell level left.
You didn't know any spells.
Your spell library was empty.

Dungeon Overview and Level Annotations

Branches:
Dungeon (5/15)
 Temple: D:4-7

Altars:


Innate Abilities, Weirdness & Mutations

You are too large for most types of armour.
You have claws for hands.
Your natural rate of healing is unusually fast.
You are covered in fur. (AC +1)
You have tough skin. (AC +1)


Message History

The orc warrior hits you with a +0 scimitar.
The orc warrior attacks as you move away!
The orc warrior hits you with a +0 scimitar!
The orc wizard mumbles some strange words.
The orc wizard flickers and vanishes!
Deactivating autopickup; reactivate with Ctrl-A.
There is an open door here.
The orc wizard casts a spell.
The orc wizard flickers and vanishes!
There is a stone staircase leading up here.
The orc warrior barely misses you.
You climb upwards.
Reactivating autopickup.
The orc shouts!
You hear a shout! x2; The orc wizard shouts!
You hear an angry hiss.
Found a falchion, a scroll labelled PYNAEXZI AHEO and a short sword.
There is a stone staircase leading down here.
An ogre comes into view. It is wielding a +0 giant club.
Found a scroll labelled PYNAEXZI AHEO.
The orc warrior hits you with a +0 scimitar.
An orc comes into view. It is wielding a +0 flail.
A ball python comes into view.
You see here a +0 falchion.
The orc warrior attacks as you move away!
The orc warrior hits you with a +0 scimitar!
* * * LOW HITPOINT WARNING * * *
An orc comes into view. It is wielding a +0 dagger.
Found a spear.
The orc shouts!
Unknown command.
The ogre attacks as you move away! The ogre barely misses you.
The orc closely misses you. The orc attacks as you move away!
The orc barely misses you.
The orc wizard gestures wildly while chanting.
The orc wizard flickers and vanishes!
Deactivating autopickup; reactivate with Ctrl-A.
The orc warrior attacks as you move away!
The orc warrior hits you with a +0 scimitar!
Ouch! That really hurt!
You die...

## ... #.. #.##.#
#.##.########.#.
###.##.##o@.......
##....{..Oo...#..#.
....)..S.o.##.#
..#.##o#### #..
#o##.##..###..#
#>.)...?..# ..#
#.##.##.##.# .#
#.#.... .. .
#.#.....?...


You could see an orc warrior, an ogre, 3 orcs and a ball python.

Vanquished Creatures
  An adder (D:5)
1 creature vanquished.

Notes
Turn   | Place    | Note
-------+----------+-------------------------------------------
     0 | D:5      | Ajdolov the Troll Delver began the quest for the Orb.
     0 | D:5      | Reached XP level 1. HP: 22/22 MP: 0/0
    31 | D:5      | Reached XP level 2. HP: 22/29 MP: 1/1
   105 | D:5      | Noticed an orc warrior
   107 | D:5      | Noticed a vampire
   107 | D:5      | Noticed a scorpion
   116 | D:4      | Noticed an ogre
   124 | D:4      | Mangled by an orc warrior

Illustrated notes

Levels and vault maps discovered:
D:4:      layout_loops_ring, lemuel_doored_altar, mainiacjoe_overflow_big_doors,
          uniq_duvessa
D:5:      layout_loops_corners, minmay_temple_entry_grid, minivault_23,
          uniq_eustachio

Action                   || total
-------------------------++-------
Melee: Unarmed           ||     5
Armor: Robe              ||     1
Dodge: Dodged            ||     8

Table legend: (Time is in decaauts)
 A = Elapsed time spent in this place.
 B = Non-inter-level travel time spent in this place.
 C = Inter-level travel time spent in this place.
 D = Time resting spent in this place.
 E = Time spent auto-exploring this place.
 F = Levels seen in this place.
 G = Mean time per level.
                   A        B        C        D        E       F      G
               +--------+--------+--------+--------+--------+-----+--------+
         Total |    123 |    123 |      0 |      0 |     94 |   2 |   61.5 |
       Dungeon |    123 |    123 |      0 |      0 |     94 |   2 |   61.5 |
               +--------+--------+--------+--------+--------+-----+--------+

Top non-repeatable levels by time:
     D:5: 114 daAuts
     D:4: 8 daAuts
